 Dungeon Crawl Stone Soup version 0.30-a0-743-gbfdf073431 (webtiles) character file.

Game seed: 3214930650579754644

135 HammerPanzer the Chopper (level 4, -15/39 HPs)
             Began as a Minotaur Berserker on Feb 7, 2023.
             Was a Believer of Trog.
             Demolished by a kobold
             ... wielding a +0 short sword of electrocution
              (16 damage)
             ... on level 4 of the Dungeon.
             The game lasted 00:05:30 (2731 turns).

HammerPanzer the Chopper (Minotaur Berserker)       Turns: 2731, Time: 00:05:31

Health: -15/39     AC:  8    Str: 24    XL:     4   Next: 97%
Magic:  3/3        EV:  8    Int:  4    God:    Trog [**....]
Gold:   133        SH:  0    Dex:  9    Spells: 3/3 levels left

rFire   . . .      SeeInvis .    a - +0 hand axe
rCold   . . .      Faith    .    (no shield)
rNeg    . . .      Spirit   .    f - +0 chain mail
rPois   .          Reflect  .    (helmet restricted)
rElec   .          Harm     .    (no cloak)
rCorr   .          Rampage  .    (no gloves)
Will    .....                    (no boots) Stlth
                                 (no amulet)
HPRegen 0.26/turn                (no ring)
MPRegen 0.08/turn                (no ring)

@: silenced (expiring)
A: horns 2, retaliatory headbutt
a: Renounce Religion


You were on level 4 of the Dungeon.
You worshipped Trog.
Trog was pleased with you.
You visited 1 branch of the dungeon, and saw 4 of its levels.

You collected 133 gold pieces.

Inventory:

Hand Weapons
 a - a +0 hand axe (weapon)
Armour
 f - a +0 chain mail (worn)
Potions
 b - a potion of heal wounds
 c - 2 potions of berserk rage
 e - a potion of lignification {unknown}
 g - a potion of resistance {unknown}
 i - 2 potions of curing {unknown}


   Skills:
 - Level 3.6 Fighting
 + Level 6.9 Axes
 - Level 2.4 Armour
 - Level 2.1 Dodging


You had 3 spell levels left.
You didn't know any spells.
Your spell library was empty.

Dungeon Overview and Level Annotations

Branches:
Dungeon (4/15)
 Temple: D:4-7

Altars:
Okawaru
Trog
Uskayaw


Innate Abilities, Weirdness & Mutations

You have a pair of horns on your head.
You reflexively headbutt those who attack you in melee.


Message History

An orc priest comes into view. It is wielding a +0 hand axe.
The kobold closely misses you.
The kobold gestures.
You closely miss the kobold. You hit the kobold.
You feel sick.
You are no longer poisoned.
The kobold hits you but does no damage.
The kobold hits you with a +0 short sword of electrocution.
You closely miss the kobold.
You headbutt the kobold, but do no damage.
You hit the kobold.
The kobold hits you but does no damage. x2
You hit the kobold but do no damage. Your headbutt misses the kobold.
You completely miss the kobold. The kobold closely misses you.
You furiously retaliate!
You headbutt the kobold.
You kill the kobold!
Trog accepts your kill. The kobold barely misses you.
You barely miss the kobold.
The kobold is severely wounded.
The orc priest looks braver for a moment.
The kobold barely misses you.
You closely miss the kobold.
The kobold is severely wounded.
The kobold hits you but does no damage.
You are electrocuted!
Okay, then.
You barely miss the kobold.
The kobold is severely wounded.
The kobold hits you with a +0 short sword of electrocution.
You closely miss the kobold.
The kobold is severely wounded.
The orc priest calls down the wrath of Beogh upon you.
Beogh smites you!
* * * LOW HITPOINT WARNING * * *
The kobold barely misses you.
Okay, then.
You see here a +0 short sword.
The kobold attacks as you move away! The kobold barely misses you.
The orc priest looks satisfied for a moment.
The kobold attacks as you move away! The kobold hits you but does no damage.
You are electrocuted!
You die...

### #.. #####.#
# ...#.# .#
#.#.# #.###
#..<# .....
#...####$.....
#......#......
#..#.@.)......
####.#K#......
#.#.# .....
..#w##.....
####oo..5..#
......ol....#.#
.....##o.....#
.... #.######
... #.#


You could see an iguana, an orc priest, an orc wizard, a dart slug, an orc and a
kobold.

Vanquished Creatures
  An orc wizard (D:3)
  3 adders
  A shadow imp (D:4)
  3 worms
  2 dart slugs
  8 orcs
  5 ball pythons
  6 endoplasms
  2 giant cockroaches
  8 goblins
  A hobgoblin (D:3)
  A quokka (D:2)
  7 bats
  2 frilled lizards
  4 kobolds
  A rat (D:2)
55 creatures vanquished.

Notes
Turn   | Place    | Note
-------+----------+-------------------------------------------
     0 | D:1      | HammerPanzer the Minotaur Berserker began the quest for the
                  | Orb.
     0 | D:1      | Reached XP level 1. HP: 19/19 MP: 0/0
   138 | D:1      | Reached skill level 4 in Axes
   648 | D:1      | Reached XP level 2. HP: 26/26 MP: 1/1
  1137 | D:2      | You fall into a shaft and drop 1 floor!
  1170 | D:3      | Reached skill level 5 in Axes
  1172 | D:3      | Reached XP level 3. HP: 29/31 MP: 2/2
  1405 | D:2      | Reached XP level 4. HP: 29/39 MP: 3/3
  1406 | D:2      | Reached skill level 6 in Axes
  1531 | D:2      | Reached ** piety under Trog
  1587 | D:2      | Found a bloodstained altar of Trog.
  1937 | D:3      | Found a hide-covered altar of Uskayaw.
  2209 | D:3      | Found an iron altar of Okawaru.
  2728 | D:4      | HP: 1/39 [orc priest/divine providence (11)]
  2731 | D:4      | Demolished by a kobold

Illustrated notes

Levels and vault maps discovered:
D:1:      ncdulo_halloftheorcs, layout_basic, serial_glass, glass_columns_a,
          glass_columns_a, kennysheep_minor_cross, minmay_cut_off
D:2:      layout_basic, basic_altar, chequers_serial_rivers_micro_a
D:3:      layout_basic, mainiacjoe_overflow_large_starburst
D:4:      layout_basic, serial_shops, kennysheep_little_box, minmay_quantized

Skill      XL: |  1  2  3  4 |
---------------+-------------+-----
Axes           | 4 5 6 |  6.9
Fighting       | |  3.6
Armour         | |  2.4
Dodging        | |  2.1

Action                     |  1- 3 |  4- 6 || total
---------------------------+-------+-------++-------
  Melee: Hand axe          |    76 |    83 ||   159
         Headbutt          |     8 |    13 ||    21
 Invoke: Berserk           |     1 |       ||     1
    Use: Scroll            |     2 |     5 ||     7
 Armour: Animal skin       |     5 |       ||     5
         Chain mail        |    29 |    47 ||    76
  Dodge: Dodged            |    24 |    32 ||    56

Table legend: (Time is in decaauts)
 A = Elapsed time spent in this place.
 B = Non-inter-level travel time spent in this place.
 C = Inter-level travel time spent in this place.
 D = Time resting spent in this place.
 E = Time spent auto-exploring this place.
 F = Levels seen in this place.
 G = Mean time per level.
                   A        B        C        D        E       F      G
               +--------+--------+--------+--------+--------+-----+--------+
         Total |   2745 |   2667 |     78 |    140 |   2017 |   4 |  686.2 |
       Dungeon |   2745 |   2667 |     78 |    140 |   2017 |   4 |  686.2 |
               +--------+--------+--------+--------+--------+-----+--------+

Top non-repeatable levels by time:
     D:3: 1006 daAuts
     D:1: 913 daAuts
     D:2: 795 daAuts
     D:4: 30 daAuts
